 Dungeon Crawl Stone Soup version 0.30-a0-723-gc1506a1cf0 (webtiles) character file.

Game seed: 13673696532884655637

268 junb69 the Insei (level 6, 0/45 HPs)
             Began as an Octopode Transmuter on Jan 28, 2023.
             Blown up by Pikel (17 damage)
             ... with a mindburst bolt
             ... on level 4 of the Dungeon.
             The game lasted 00:10:02 (3895 turns).

junb69 the Insei (Octopode Transmuter)              Turns: 3895, Time: 00:10:03

Health: 0/45       AC:  6    Str:  9    XL:     6   Next: 21%
Magic:  1/9        EV: 10    Int: 17    God:
Gold:   190        SH:  0    Dex: 13    Spells: 4/9 levels left

rFire   x . .      SeeInvis .      - Unarmed
rCold   + + +      Faith    .    (shield currently unavailable)
rNeg    . . .      Spirit   .    (helmet currently unavailable)
rPois   +          Reflect  .    (no amulet)
rElec   .          Harm     .    (no ring)
rCorr   .          Rampage  .    (no ring)
Will    .....                    (no ring)
Stlth   +                        (no ring)
HPRegen 0.27/turn                (no ring)
MPRegen 0.11/turn                (no ring)
                                 (no ring)
                                 (no ring)

@: ice-form, very slightly contaminated
A: freezing attack, boosted hp, almost no armour, amphibious, 8 rings, large,
(camouflage 1), (gelatinous body 1), (nimble swimmer 1), (tentacles)
a: End Transformation


You were on level 4 of the Dungeon.
You were a creature of crystalline ice.
You visited 1 branch of the dungeon, and saw 4 of its levels.

You collected 190 gold pieces.

Inventory:

Scrolls
 d - a scroll of noise {unknown}
 e - a scroll of magic mapping {unknown}
 f - a scroll of teleportation {unknown}
 g - 4 scrolls of vulnerability
 h - a scroll of blinking {unknown}
 i - a scroll of amnesia {unknown}
 j - a scroll of enchant armour {unknown}
 l - a scroll of torment {unknown}
 m - a scroll of silence {unknown}
 n - a scroll of brand weapon {unknown}
Potions
 a - a potion of lignification
 b - 2 potions of brilliance
 c - 3 potions of resistance
 k - a potion of curing


   Skills:
 - Level 1.0 Fighting
 - Level 2.0 Dodging
 - Level 4.7 Unarmed Combat
 - Level 2.0 Spellcasting
 * Level 3.8 Transmutations
 * Level 3.0 Ice Magic


You had 4 spell levels left.
You knew the following spells:

 Your Spells              Type           Power      Damage    Failure   Level
a - Beastly Appendage     Tmut           28%        N/A       4%          1
b - Ice Form              Ice/Tmut       13%        N/A       43%         4

Your spell library contained the following spells:

 Spells                   Type           Power      Damage    Failure   Level
 Freeze                   Ice            48%        1d6       5%          1
 Wereblood                Tmut           14%        N/A       6%          2
 Frozen Ramparts          Ice            24%        1d4       16%         3
 Spider Form              Tmut/Pois      8%         N/A       26%         3
 Sublimation of Blood     Necr           1%         N/A       28%         2
 Hailstorm                Conj/Ice       6%         3d4       30%         3
 Petrify                  Tmut/Erth      8%         N/A       65%         4
 Irradiate                Conj/Tmut      4%         3d13      94%         5


Dungeon Overview and Level Annotations

Branches:
Dungeon (4/15)
 Temple: D:4-7

Altars:
Dithmenos
Fedhas
Sif Muna
Zin

Annotations:
D:4 Natasha, Pikel


Innate Abilities, Weirdness & Mutations

You are a creature of crystalline ice.
You have a powerful freezing melee attack.
Your maximum health is increased.
Your armour is entirely melded.
You are incapable of wielding weapons or throwing items.
You cannot wear most types of armour.
You are amphibious.
You can wear up to eight rings at the same time.
((Your skin changes colour to match your surroundings (Stealth+).))
((Your rubbery body absorbs attacks. (AC +1, EV +1)))
((You are camouflaged when in or above water. (Stealth+)))
((You have tentacles for arms and can constrict up to eight enemies at once.))


Message History

Your Ice Magic skill increases to level 3!
You see here a hound corpse.
Your transformation is almost over.
Your tentacle spike disappears.
You open the door.
There is an open door here.
Found a blossoming altar of Fedhas.
Found 4 poisoned darts.
The lemure shouts!
Pikel shouts!
Casting: Beastly Appendage (safe; 4% risk of failure)
Confirm with . or Enter, or press ? or * to list all spells.
The spell is extremely dangerous to miscast (43% risk of failure)!
Continue anyway?
You miscast Ice Form.
You are very lightly contaminated with residual magic.
Nothing appears to happen.
Pikel zaps a wand.
You barely resist.
Casting: Ice Form (extremely dangerous; 43% risk of failure)
Confirm with . or Enter, or press ? or * to list all spells.
The spell is extremely dangerous to miscast (43% risk of failure)!
Continue anyway?
You turn into a creature of crystalline ice.
You punch Pikel! You freeze Pikel.
Pikel is moderately wounded.
Pikel barely misses you. The lemure hits you.
You hit Pikel. You freeze Pikel.
Pikel is heavily wounded.
Pikel drinks a potion.
Pikel is healed!
The lemure hits you but does no damage.
You punch Pikel! You freeze Pikel.
Pikel is heavily wounded.
Pikel hits you but does no damage. The lemure misses you.
You closely miss Pikel.
Pikel is heavily wounded.
Pikel zaps a wand.
Your mind is blasted!
The lemure hits you.
You punch Pikel! You freeze Pikel.
Pikel is severely wounded.
Pikel barely misses you.
You barely miss Pikel.
Pikel is severely wounded.
The lemure hits you but does no damage.
Pikel zaps a wand.
Your mind is blasted!
You die...

.#.##..# ##.##..### ...........
...#.....# .......... ...#.....#
.......... ...#.....# ..........
#####.##.# .........
...##'##.#######.....#
...#...#...#...#.....# .#
...#...#...+...#Y5...# ..#
...#...#...#...#K5...# ..#.......
.............###.....# #.#.......
#..####^####....)#'#####.##......
#.. .... #.....#........#......
#. #...... #.....#........#......
#. #.......#.....#........#......
# .^..._...#.....#.......>#......
#..#.......#.....###'###..'......


You could see Pikel and 2 lemures.

Vanquished Creatures
  2 lemures (D:4)
  2 hounds
  An orc priest (D:3)
  2 gnolls (D:1)
  8 adders
  An ufetubus (D:4)
  2 worms (D:3)
  3 dart slugs
  4 orcs (D:3)
  3 endoplasms
  2 giant cockroaches (D:1)
  5 goblins
  8 hobgoblins
  10 jackals
  A quokka (D:1)
  5 ball pythons
  6 bats
  4 frilled lizards
  6 kobolds
  A rat (D:3)
76 creatures vanquished.

Vanquished Creatures (others)
  A demonic plant (D:3)
  10 fungi (D:3)
  3 plants (D:3)
14 creatures vanquished.

Grand Total: 90 creatures vanquished

Notes
Turn   | Place    | Note
-------+----------+-------------------------------------------
     0 | D:1      | junb69 the Octopode Transmuter began the quest for the Orb.
     0 | D:1      | Reached XP level 1. HP: 13/13 MP: 3/3
    97 | D:1      | Reached XP level 2. HP: 16/18 MP: 3/5
   342 | D:1      | Reached skill level 4 in Unarmed Combat
   349 | D:1      | Reached XP level 3. HP: 9/23 MP: 4/6
  1314 | D:1      | Reached XP level 4. HP: 28/28 MP: 5/7
  1319 | D:1      | Learned a level 4 spell: Ice Form
  1648 | D:2      | Found a shadowy altar of Dithmenos.
  2078 | D:3      | Found a shadowy altar of Dithmenos.
  2140 | D:3      | Reached skill level 1 in Ice Magic
  2149 | D:3      | Found a shimmering blue altar of Sif Muna.
  2189 | D:3      | Reached XP level 5. HP: 23/33 MP: 5/8
  2868 | D:3      | Found a faded altar of an unknown god.
  2907 | D:3      | Found a glowing silver altar of Zin.
  2908 | D:3      | Noticed an angel
  3519 | D:4      | Reached XP level 6. HP: 31/38 MP: 7/9
  3560 | D:4      | Noticed Pikel
  3744 | D:4      | Noticed Natasha
  3873 | D:4      | Found a blossoming altar of Fedhas.
  3895 | D:4      | Blown up by Pikel

Illustrated notes

Levels and vault maps discovered:
D:1:      shiori_arrival_maze, layout_loops_corners
D:2:      layout_basic, basic_altar, nicolae_figureground_pulse
D:3:      layout_basic, overflow_temple_1_default, zin_angel,
          mainiacjoe_overflow_concentric_impassable,
          shapermc_ecumenical_altar_gd, serial_glass, glass_columns_b,
          glass_columns_c, nrook_mini_backslash
D:4:      layout_gridville, lemuel_tele_altar, elyvilon_altar_5,
          grunt_ministairs_6, uniq_pikel, uniq_blork_the_orc, uniq_natasha

Skill      XL: |  1  2  3  4  5  6 |
---------------+-------------------+-----
Unarmed Combat | 4 |  4.7
Ice Magic      | 1 2 3 |  3.0
Transmutations | 3 |  3.8
Fighting       | |  1.0
Dodging        | |  2.0
Spellcasting   | |  2.0

Action                     |  1- 3 |  4- 6 || total
---------------------------+-------+-------++-------
  Melee: Unarmed           |    75 |   125 ||   200
         Kick              |    28 |    45 ||    73
         Constrict         |    23 |    31 ||    54
         Tentacles         |    12 |    30 ||    42
         Punch             |     2 |     7 ||     9
   Cast: Beastly Appendage |    21 |    35 ||    56
         Ice Form          |       |     1 ||     1
    Use: Scroll            |       |     5 ||     5
   Stab: Sleeping          |     4 |     4 ||     8
         Distracted        |       |     1 ||     1
 Armour: Skin              |     3 |     9 ||    12
  Dodge: Dodged            |    50 |    63 ||   113

Table legend: (Time is in decaauts)
 A = Elapsed time spent in this place.
 B = Non-inter-level travel time spent in this place.
 C = Inter-level travel time spent in this place.
 D = Time resting spent in this place.
 E = Time spent auto-exploring this place.
 F = Levels seen in this place.
 G = Mean time per level.
                   A        B        C        D        E       F      G
               +--------+--------+--------+--------+--------+-----+--------+
         Total |   3878 |   3768 |    110 |    479 |   2401 |   4 |  969.5 |
       Dungeon |   3878 |   3768 |    110 |    479 |   2401 |   4 |  969.5 |
               +--------+--------+--------+--------+--------+-----+--------+

Top non-repeatable levels by time:
     D:1: 1355 daAuts
     D:3: 994 daAuts
     D:4: 774 daAuts
     D:2: 753 daAuts
